AoeStats
← RiseoftheRuben

Four Lakes

510110509Analyzed
1v1 RM · 2d ago on Sep 29, 2026· 28m 35s· 2 players
Game mode
Random Map
Map size
Tiny (2 player)
Population
200
Speed
Normal
Resources
Standard
Victory
Conquest
Starting age
Dark Age
Ending age
Imperial Age
RankedLock teamsTeams togetherTeam positionsShared explorationLock speedFull tech treeHidden civsTurbo modeCheats
Victory
Defeat
🇪🇸 Celts · Spain
1672
+19
🇩🇪 Romans · Germany
1746
-19
Tdb.Ricardo90
7:50 Loom
9:46 Feudal Age
10:36 Double-Bit Axe
12:12 Fishing Lines
15:48 Stone Mining
18:04 Castle Age
16:34 Gold Mining
17:03 Scale Mail Armor
17:14 Forging
20:04 Iron Casting
21:24 Chain Mail Armor
22:49 Gillnets
23:28 Arson
24:51 Horse Collar
RiseoftheRuben
6:41 Loom
9:08 Feudal Age
9:47 Double-Bit Axe
9:57 Fishing Lines
17:51 Castle Age
16:32 Man-at-Arms
17:45 Forging
17:35 Scale Mail Armor
17:57 Long Swordsman
18:38 Squires
19:16 Iron Casting
19:42 Gillnets
21:27 Wheelbarrow
23:00 Chain Mail Armor
24:44 Ballistics
24:51 Hand Cart
26:22 Fletching
Connection lost

Rejoining the realm…

Still unreachable

The connection could not be restored.

Session expired

The server has moved on; the page needs a fresh start.